 Dungeon Crawl Stone Soup version 0.24-a0-813-g0f74319 (webtiles) character file.

Game seed: 11593697037773948770, levelgen mode: deterministic

41 KarmaPolice the Sneak (level 3, 0/18 HPs)
             Began as a Vine Stalker Assassin on Oct 12, 2019.
             Succumbed to an adder's poison
             ... on level 1 of the Dungeon.
             The game lasted 00:04:07 (1672 turns).

KarmaPolice the Sneak (Vine Stalker Assassin)       Turns: 1672, Time: 00:04:07

Health: 0/18       AC:  3    Str: 14    XL:     3   Next: 52%
Magic:  1/4        EV: 11    Int: 11    God:
Gold:   0          SH:  0    Dex: 15    Spells: 2/2 levels left

rFire    . . .     SeeInvis .   a - +2 dagger
rCold    . . .     Gourm    .   (no shield)
rNeg     . . .     Faith    .   b - +0 robe
rPois    .         Spirit   +   (no helmet)
rElec    .         Reflect  .   c - +0 cloak
rCorr    .         Harm     .   (no gloves)
MR       .....                  (no boots)
Stlth    +++.......             (no amulet)
HPRegen  0.06/turn              (no ring)
MPRegen  0.09/turn              (no ring)

@: lethally poisoned (0 -> -12)
A: fangs 2, magic shield, antimagic bite, no potion heal 3, rot immunity
a: no special abilities


You were on level 1 of the Dungeon.
You were very hungry.

You visited 1 branch of the dungeon, and saw 2 of its levels.

Inventory:

Hand Weapons
 a - a +2 dagger (weapon)
Missiles
 d - 4 poisoned darts (quivered)
 e - a curare-tipped dart
 g - 25 stones
Armour
 b - a +0 robe (worn)
 c - a +0 cloak (worn)
Jewellery
 k - an uncursed ring of poison resistance {unknown}
Scrolls
 j - a scroll of identify {unknown}
Potions
 h - a potion of heal wounds
 i - a potion of curing {unknown}
Comestibles
 f - 3 rations
 l - a chunk of flesh


   Skills:
 + Level 2.2 Fighting
 + Level 2.2 Short Blades
 + Level 2.2 Throwing
 - Level 0.7 Dodging
 + Level 5.3 Stealth


You had 2 spell levels left.
You didn't know any spells.
Your spell library was empty.

Dungeon Overview and Level Annotations

Branches:
Dungeon (2/15)

Altars:


Innate Abilities, Weirdness & Mutations

You have extremely sharp teeth.
When hurt, damage is shared between your health and your magic reserves.
Your bite disrupts and absorbs the magic of your enemies.
Potions cannot restore your health.
You are immune to rotting.


Message History

Throwing (i - inventory. (/) - cycle)
d - 6 poisoned darts (quivered)
Press: ? - help, Shift-Dir - straight line, f/p - adder
Aim: an adder (lightly wounded, poisoned)
You throw a poisoned dart.
The poisoned dart barely misses the adder.
The poisoned dart barely misses the worm.
The adder closely misses you.
Throwing (i - inventory. (/) - cycle)
d - 5 poisoned darts (quivered)
Press: ? - help, Shift-Dir - straight line, f/p - adder
Aim: an adder (lightly wounded, poisoned)
You throw a poisoned dart.
The poisoned dart closely misses the adder.
The poisoned dart hits the worm.
The worm is poisoned.
* * * LOW HITPOINT WARNING * * *
You feel sick.
The adder looks more healthy.
The adder bites you.
* * * LOW HITPOINT WARNING * * *
You are more poisoned.
The adder poisons you!
It was a potion of heal wounds.
That seemed strangely inert.
You die...

##### ##### ####### #....
#...# #.....########....
#...# #.....##....##....
#...#####..รท..##....##....
###(>(.(.wS@....'...........
#.........#.....##..........
#####.....#.....##..........
#.............##..........
#.............##..........
#.............##.......###
#.............##.......#
#........#######....####
#........# ######


You could see a worm and an adder.

Vanquished Creatures
  2 dart slugs (D:1)
  7 bats
  A giant cockroach (D:1)
  4 goblins (D:1)
  4 hobgoblins (D:1)
  6 jackals (D:1)
  A frilled lizard (D:1)
  6 kobolds (D:1)
  3 rats (D:1)
34 creatures vanquished.

Notes
Turn   | Place    | Note
-------+----------+-------------------------------------------
     0 | D:1      | KarmaPolice the Vine Stalker Assassin began the quest for
                  | the Orb.
     0 | D:1      | Reached XP level 1. HP: 11/11 MP: 2/2
   423 | D:1      | Reached skill level 5 in Stealth
   423 | D:1      | Reached XP level 2. HP: 13/15 MP: 3/3
   868 | D:1      | Reached XP level 3. HP: 18/18 MP: 4/4
  1672 | D:1      | Succumbed to an adder's poison

Levels and vault maps discovered:
D:1:      dpeg_arrival_arbitrary_b, layout_basic
D:2:      layout_basic, overflow_temple_1_default,
          gammafunk_temple_overflow_elements, uniq_crazy_yiuf_cottage,
          uniq_sigmund

Skill      XL: |  1 |
---------------+----+-----
Fighting       | 2 |  2.2
Short Blades   | 2 |  2.2
Throwing       | 2 |  2.2
Stealth        | 5 |  5.3
Dodging        | |  0.7

Action                   || total
-------------------------++-------
Melee: Dagger            ||    79
       Bite              ||    23
Throw: Dart              ||    21
       Stone             ||     3
  Use: Potion            ||     1
 Stab: Sleeping          ||     6
  Eat: Chunk             ||     1
Armor: Robe              ||    37
Dodge: Dodged            ||    94

Table legend:
 A = Non-vault XP
 B = Vault XP
 C = Vault XP percentage of total XP
 D = Non-vault monster count
 E = Vault monster count
 F = Vault count percentage of total count
                 A         B        C        D         E       F
            +---------+---------+-------+---------+---------+-------
      Total |      59 |       0 |   0.0 |      34 |       0 |   0.0
            +---------+---------+-------+---------+---------+-------
        D:1 |      58 |       0 |   0.0 |      33 |       0 |   0.0
        D:2 |       1 |       0 |   0.0 |       1 |       0 |   0.0
            +---------+---------+-------+---------+---------+-------
